 Dungeon Sprint DCSS version 0.29.1-12-g30fa7ad0bf (webtiles) character file.

Game seed: 7794082278415069459

5844 Groucho the Unseen (level 10, -32/53 HPs)
             Began as a Spriggan Enchanter on Dec 28, 2022.
             Was a Priest of Dithmenos.
             Killed from afar by a crystal guardian (45 damage)
             ... with a crystal bolt
             ... in the Dungeon (Sprint II: "The Violet Keep of Menkaure").
             The game lasted 00:06:30 (1030 turns).

Groucho the Unseen (Spriggan Enchanter)             Turns: 1030, Time: 00:06:31

Health: -32/53     AC:  2    Str:  8    XL:     10   Next: 51%
Magic:  30/30      EV: 23    Int: 17    God:    Dithmenos [***...]
Gold:   358        SH:  0    Dex: 16    Spells: 28/39 levels left

rFire   . . .      SeeInvis +   a - +1 dagger
rCold   . . .      Faith    .   (no shield)
rNeg    . . .      Spirit   .   b - +0 robe
rPois   .          Reflect  .   (helmet restricted)
rElec   .          Harm     .   (no cloak)
rCorr   .          Rampage  .   (gloves unavailable)
Will    +....      NoTele   +   (boots unavailable)
Stlth   +++++++++.              (no amulet)
HPRegen 0.17/turn               (no ring)
MPRegen 0.22/turn               (no ring)

@: wreathed by umbra, invisible, very quick
A: very small, no large weapons, unfitting armour, see invisible, speed 3
a: Renounce Religion, Shadow Step


You were in the Dungeon.
You worshipped Dithmenos.
Dithmenos was most pleased with you.
You visited 1 branch You collected 1307 gold pieces.
You spent 949 gold pieces at shops.

Inventory:

Hand Weapons
 a - a +1 dagger (weapon)
Armour
 b - a +0 robe (worn)
 d - a scarf of invisibility
Potions
 c - a potion of invisibility
 e - a potion of ambrosia {unknown}
 f - 3 potions of heal wounds
 g - 2 potions of magic
 h - a potion of berserk rage
 j - a potion of haste


   Skills:
 + Level 5.6 Fighting
 - Level 10.0 Short Blades
 + Level 9.5 Dodging
 - Level 16.0 Stealth
 - Level 15.0 Spellcasting
 - Level 14.0 Hexes
 * Level 12.4 Evocations


You had 28 spell levels left.
You knew the following spells:

 Your Spells              Type           Power      Damage    Failure   Level
a - Ensorcelled Hibernat  Hex/Ice        72%        N/A       1%          2
b - Confusing Touch       Hex            57%        N/A       1%          3
c - Dazzling Flash        Conj/Hex       72%        N/A       1%          3
d - Tukima's Dance        Hex            57%        N/A       1%          3

Your spell library contained the following spells:

 Spells                   Type           Power      Damage    Failure   Level


Dungeon Overview and Level Annotations

Branches:
Dungeon (1/1)

Altars:
Cheibriados
Dithmenos
Elyvilon
Fedhas
Gozag
Hepliaklqana
Kikubaaqudgha
Makhleb
Nemelex Xobeh
Okawaru
Qazlal
Ru
Sif Muna
Trog
Uskayaw
Vehumet
Wu Jian
Xom
Yredelemnul
Zin
The Shining One
Jiyva
Lugonu

Shops:
D ::[?**:((!?![==

Annotations:
D exclusion: oklob plant


Innate Abilities, Weirdness & Mutations

You are very small and have problems with some larger weapons.
You are too small for most types of armour.
You have supernaturally acute eyesight. (SInv)
You cover ground extremely quickly. (Speed+++)


Message History

Done waiting.
Okay, then.
You enter the shallow water.
Moving in this stuff is going to be slow.
Really walk into a travel-excluded area? [Y]es or [N]o only, please.
Really walk into a travel-excluded area?
Okay, then.
You fade into invisibility!
Really walk into that net trap?
You become entangled in the net!
A swamp drake comes into view.
There is a net trap here.
You see here a throwing net.
You struggle against the net.
You struggle against the net.
You struggle against the net.
You rip the net and break free!
A death drake comes into view.
Blink to where?
Press: ? - help, Dir - move target A death drake, a crystal guardian and a swamp drake come into view.
Found 3 potions of flight.
As you read the scroll of blinking, it crumbles to dust.
The helpless swamp drake fails to defend itself.
You perforate the swamp drake like a sieve!!!!!
You kill the swamp drake!
Dithmenos accepts your kill.
The helpless swamp drake fails to defend itself.
You stick the swamp drake like a pincushion!!!!
You kill the swamp drake!
Dithmenos accepts your kill.
Unknown command.
The crystal guardian fires a crystalline bolt at you.
The crystal bolt burns you!!!
Ouch! That really hurt!
* * * LOW HITPOINT WARNING * * *
You emit a cloud of dark smoke.
The crystal bolt burns you!!!
Ouch! That really hurt!
You die...

##++## ##≈...###
#)≈.....## +# ####....#k##
. .. #..'....#§k#
#+##..#.(####.#9@#
...##.####.†'^##.# .#..#
...#†.#...####
.#.####..#####..##.# $!!
#'###.##..#..'.^#).#▓)!$($
#.##.#.#..#..#..#..#▓?=!?!
.<.'##.'..####.^##.#▓$$=$$
#.###..#....###^^.##▓▓▓▓▓▓
#'###.##......~~~~~~~~~~~~


You could see 2 death drakes and a crystal guardian.

Vanquished Creatures
  A deep elf master archer (D)
  A great orb of eyes (D)
  2 boulder beetles (D)
  An iron elemental (D)
  A yaktaur (D)
  3 polar bears (D)
  A hornet (D)
  4 neqoxecs (D)
  Menkaure (D)
  2 swamp drakes (D)
  3 water moccasins (D)
  4 necrophages (D)
  2 worms (D)
26 creatures vanquished.

Vanquished Creatures (others)
  A water moccasin (D)
1 creature vanquished.

Grand Total: 27 creatures vanquished

Notes
Turn   | Place    | Note
-------+----------+-------------------------------------------
     0 | D        | Groucho the Spriggan Enchanter began the quest for the Orb.
     0 | D        | Reached XP level 1. HP: 9/9 MP: 5/5
     4 | D        | Noticed a boulder beetle
     4 | D        | Noticed a boulder beetle
     7 | D        | Noticed a necrophage
     7 | D        | Noticed a necrophage
     7 | D        | Noticed a necrophage
     7 | D        | Noticed a necrophage
    19 | D        | Killed a necrophage
    20 | D        | Reached skill level 8 in Stealth
    20 | D        | Reached skill level 5 in Hexes
    20 | D        | Reached XP level 2. HP: 13/13 MP: 5/8
    20 | D        | Reached XP level 3. HP: 16/16 MP: 6/10
    22 | D        | Killed a necrophage
    23 | D        | Reached skill level 10 in Stealth
    23 | D        | Reached skill level 5 in Spellcasting
    23 | D        | Reached XP level 4. HP: 16/21 MP: 6/12
    28 | D        | Killed a necrophage
    29 | D        | Reached skill level 5 in Short Blades
    29 | D        | Reached skill level 11 in Stealth
    29 | D        | Reached XP level 5. HP: 19/24 MP: 6/14
    31 | D        | Reached skill level 12 in Stealth
    33 | D        | Noticed a neqoxec
    36 | D        | Killed a neqoxec
    37 | D        | Reached skill level 14 in Stealth
    37 | D        | Reached XP level 6. HP: 22/28 MP: 7/17
    40 | D        | Learned a level 2 spell: Ensorcelled Hibernation
    44 | D        | Learned a level 3 spell: Confusing Touch
    48 | D        | Learned a level 3 spell: Dazzling Flash
    52 | D        | Learned a level 3 spell: Tukima's Dance
    52 | D        | Noticed a neqoxec
    53 | D        | Killed a neqoxec
    54 | D        | Noticed a neqoxec
    54 | D        | Noticed a neqoxec
    56 | D        | Killed a neqoxec
    57 | D        | Reached skill level 15 in Stealth
    57 | D        | Reached XP level 7. HP: 27/32 MP: 8/20
    62 | D        | Killed a neqoxec
    63 | D        | Reached skill level 16 in Stealth
   317 | D        | Reached skill level 10 in Hexes
   343 | D        | Killed a boulder beetle
   344 | D        | Reached XP level 8. HP: 36/36 MP: 19/24
   347 | D        | Killed a boulder beetle
   348 | D        | Reached skill level 10 in Short Blades
   560 | D        | Found Duelot's Jewellery Boutique.
   560 | D        | Found Manoecud's Distillery.
   561 | D        | Found Wilut's Jewellery Shop.
   561 | D        | Found Fyhokk's Magic Scroll Shop.
   561 | D        | Found Tawatrem's Distillery.
   561 | D        | Found Sefanuf's Antique Weapon Shop.
   561 | D        | Found Qokhlemp's Weapon Boutique.
   562 | D        | Found Ijasihuk's Antique Armour Shop.
   562 | D        | Found Efioro's Book Boutique.
   562 | D        | Found Cekleita's Assorted Antiques.
   562 | D        | Found Qemekyfy's Assorted Antiques.
   562 | D        | Noticed Menkaure
   562 | D        | Noticed a polar bear
   563 | D        | Noticed a polar bear
   593 | D        | Killed Menkaure
   594 | D        | Reached XP level 9. HP: 39/39 MP: 24/27
   594 | D        | Found Qoshrois's Magic Scroll Boutique.
   594 | D        | Found Atzofum's Antique Armour Shop.
   594 | D        | Noticed an oklob plant
   595 | D        | Found Noukecy's Book Shoppe.
   595 | D        | Found Ogaufeas's Book Boutique.
   602 | D        | Noticed a death yak
   629 | D        | Bought a glowing scarf for 208 gold pieces
   640 | D        | Bought a potion of flight for 39 gold pieces
   640 | D        | Bought 2 potions of invisibility for 208 gold pieces
   640 | D        | Bought a potion of heal wounds for 65 gold pieces
   640 | D        | Bought 2 potions of haste for 260 gold pieces
   644 | D        | Bought a potion of invisibility for 104 gold pieces
   644 | D        | Bought a potion of heal wounds for 65 gold pieces
   671 | D        | Found a hazy altar of Hepliaklqana.
   671 | D        | Found a snail-covered altar of Cheibriados.
   672 | D        | Found a stormy altar of Qazlal.
   672 | D        | Found a viscous altar of Jiyva.
   672 | D        | Found a shadowy altar of Dithmenos.
   673 | D        | Found a sacrificial altar of Ru.
   673 | D        | Found an ancient bone altar of Kikubaaqudgha.
   673 | D        | Found a white marble altar of Elyvilon.
   674 | D        | Found an ornate altar of the Wu Jian Council.
   674 | D        | Found a shimmering blue altar of Sif Muna.
   674 | D        | Found a corrupted altar of Lugonu.
   678 | D        | Found a shimmering altar of Xom.
   678 | D        | Found a bloodstained altar of Trog.
   678 | D        | Found a burning altar of Makhleb.
   679 | D        | Found a glowing golden altar of the Shining One.
   679 | D        | Found a basalt altar of Yredelemnul.
   679 | D        | Found a hide-covered altar of Uskayaw.
   681 | D        | Found a glowing silver altar of Zin.
   681 | D        | Found a radiant altar of Vehumet.
   681 | D        | Found a blossoming altar of Fedhas.
   681 | D        | Found a sparkling altar of Nemelex Xobeh.
   681 | D        | Noticed a polar bear
   682 | D        | Found an opulent altar of Gozag.
   682 | D        | Found an iron altar of Okawaru.
   682 | D        | Noticed a yaktaur
   687 | D        | Became a worshipper of Dithmenos the Shadowed
   695 | D        | Noticed a polar bear
   695 | D        | Noticed a polar bear
   696 | D        | Killed a polar bear
   697 | D        | Killed a polar bear
   701 | D        | Killed a polar bear
   701 | D        | Reached * piety under Dithmenos
   702 | D        | Reached skill level 1 in Fighting
   707 | D        | Killed a yaktaur
   726 | D        | Noticed a deep elf master archer
   731 | D        | Killed a deep elf master archer
   731 | D        | Reached ** piety under Dithmenos
   732 | D        | Reached skill level 15 in Spellcasting
   732 | D        | Reached XP level 10. HP: 47/49 MP: 28/30
   734 | D        | Noticed a great orb of eyes
   737 | D        | Killed a great orb of eyes
   738 | D        | Reached skill level 10 in Evocations
   751 | D        | Reached *** piety under Dithmenos
   753 | D        | Reached skill level 5 in Fighting
   758 | D        | Noticed an iron elemental
   762 | D        | Killed an iron elemental
  1026 | D        | Noticed a death drake
  1027 | D        | Noticed a death drake
  1027 | D        | Noticed a crystal guardian
  1030 | D        | Killed from afar by a crystal guardian

Illustrated notes

Levels and vault maps discovered:
D:        the_violet_keep_of_menkaure [sprint2_stairs_cluster_1,
          sprint2_shoproom, sprint2_temple, sprint2_basic_supplies,
          sprint2_obstacle_5, sprint2_obstacle_3, sprint2_obstacle_6,
          sprint2_obstacle_2, sprint2_obstacle_7, sprint2_timed_cluster_1,
          sprint2_smallroom_cluster_1, sprint2_smallroom_final_cluster_1,
          sprint2_transparent_cluster_1, sprint2_second_timed_cluster_1,
          sprint2_sniper_area_1, sprint2_heavy_combat_area_1,
          sprint2_mutation_trap_area_1, sprint2_forest_area_1,
          sprint2_light_combat_area_1, sprint2_behind_water_1,
          sprint2_near_end_vault_1]

Skill      XL: |  1  2  3  4  5  6  7  8  9 10 |
---------------+-------------------------------+-----
Short Blades   | 3 4 5 6 7 9 10 | 10.0
Stealth        | 8 10 11 14 15 16 | 16.0
Spellcasting   | 4 5 6 7 8 11 13 15 | 15.0
Hexes          | 5 6 8 9 11 13 14 | 14.0
Fighting       | 4 5 |  5.6
Dodging        | 7 9 |  9.5
Evocations     | 9 12 | 12.4

Action                   |  1- 3 |  4- 6 |  7- 9 | 10-12 || total
-------------------------+-------+-------+-------+-------++-------
Melee: Dagger            |    11 |    10 |    31 |     8 ||    60
 Cast: Ensorcelled Hiber |       |       |     6 |       ||     6
       Confusing Touch   |       |       |     1 |       ||     1
  Use: Potion            |     3 |       |     4 |     2 ||     9
       Scroll            |       |       |       |     1 ||     1
 Stab: Invisible         |     2 |     2 |     3 |     1 ||     8
       Sleeping          |     1 |     3 |     8 |     7 ||    19
       Confused          |       |       |     1 |       ||     1
Dodge: Dodged            |    10 |     3 |     4 |     1 ||    18
